 Dungeon Crawl Stone Soup version 0.15.0-12-gccce430 (webtiles) character file.

107 zercules the Ducker (level 4, -6/35 HPs)
             Began as a Merfolk Berserker on Sept 2, 2014.
             Was a Believer of Trog.
             Killed by divine providence
             ... invoked by an orc priest
              (14 damage)
             ... on Level 4 of the Dungeon.
             The game lasted 00:14:02 (3215 turns).

zercules the Ducker (Merfolk Berserker)             Turns: 3215, Time: 00:14:03

HP  -6/35        AC  8     Str 17      XL: 4   Next: 85%
MP   4/4         EV  9     Int  6      God: Trog [**....]
Gold 137         SH  0     Dex 14      Spells:  0 memorised,  3 levels left

rFire  . . .     SeeInvis .     j - +2 whip (vamp) {!w}
rCold  . . .     Clarity  .     o - +2 scale mail {rPois}
rNeg   . . .     rCorr    .     (no shield)
rPois  +         rRot     .     (no helmet)
rElec  .         Spirit   .     (no cloak)
SustAb .         Warding  .     (no gloves)
rMut   .         Stasis   .     (no boots)
Gourm  .                        (no amulet)
MR     .....                    t - +1 ring of evasion
                                (no ring)

@: not resistant to hostile enchantments, extremely unstealthy
A: change form in water, swift swim
a: Burn Spellbooks, Berserk, Trog's Hand, Renounce Religion


You were on level 4 of the Dungeon.
You worshipped Trog.
Trog was pleased with you.
You were very hungry.

You visited 1 branch of the dungeon, and saw 4 of its levels.

You collected 137 gold pieces.


   Skills:
 - Level 3.4 Fighting
 - Level 2.9(3.2) Axes
 + Level 1.9(2.7) Maces & Flails
 + Level 1.8 Armour
 - Level 3.8 Dodging


You had 3 spell levels left.
You didn't know any spells.

Dungeon Overview and Level Annotations

Branches:
Dungeon (4/15)
 Temple: D:4-7

Altars:
Ashenzari
Okawaru
Vehumet

Inventory:

Hand weapons
 a - a +0 hand axe
 j - a +2 vampiric whip (weapon) {!w}
   (You took it off a kobold on level 1 of the Dungeon)
Armour
 b - a +0 animal skin
 o - a +2 scale mail of poison resistance (worn)
   (You took it off Terence on level 2 of the Dungeon)
Magical devices
 l - a wand of flame (7)
Comestibles
 q - a bread ration
 r - a meat ration
Scrolls
 c - a scroll of recharging {unknown}
 d - a scroll of noise {unknown}
 e - 3 scrolls of identify {unknown}
 g - a scroll of blinking {unknown}
 h - 2 scrolls of remove curse {unknown}
 k - a scroll of teleportation {unknown}
 m - a scroll of enchant armour {unknown}
 n - a scroll of amnesia {unknown}
 s - 2 scrolls of fog {unknown}
Jewellery
 t - a +1 ring of evasion (right hand)
Potions
 f - a potion of heal wounds {unknown}
 i - a potion of haste {unknown}
 p - a potion of confusion {unknown}
 u - a potion of magic {unknown}

##..#.. ..
.....#.# .#
......#.# .# #
........##.##.###
......... ......
#".......##.##.#
####.....o.....#
.........#...#....
#####...@#...#
#>.....o#...#
#..*.........#
#......o....#
.............#
#..............
#####.......##)#
#.###...# #. #...#


You could see an orc priest and 2 orcs.


Message History

The hound is severely wounded.
The hound bites you but does no damage.
You hit the hound but do no damage.
The hound is severely wounded.
The hound bites you but does no damage. The hound completely misses you.
You barely miss the hound.
The hound is severely wounded.
The hound bites you but does no damage.
You closely miss the hound.
The hound is severely wounded.
The hound bites you but does no damage. x2
You closely miss the hound.
The hound is severely wounded.
The hound bites you.
You closely miss the hound.
The hound is severely wounded.
The hound barely misses you.
You barely miss the hound.
The hound is severely wounded.
The hound bites you. The hound completely misses you.
You hit the hound.
The hound is almost dead.
The hound closely misses you.
You barely miss the hound.
The hound is almost dead.
The hound misses you. The hound barely misses you.
You barely miss the hound.
The hound is almost dead.
The hound bites you but does no damage.
You closely miss the hound.
The hound is almost dead.
The hound bites you but does no damage. The hound closely misses you.
You closely miss the hound.
The hound is almost dead.
The hound bites you but does no damage.
Your scale mail prevents you from hitting the hound.
The hound is almost dead.
The hound closely misses you. The hound bites you.
You are feeling very hungry.
You hit the hound.
You feel better.
You kill the hound!
Trog accepts your kill. The goblin barely misses you.
You hit the goblin.
You feel better.
The goblin is moderately wounded.
You barely miss the goblin.
The goblin is moderately wounded.
The goblin hits you.
You closely miss the goblin.
The goblin is moderately wounded.
The goblin hits you but does no damage.
You hit the goblin.
You feel better.
The goblin is almost dead.
The goblin hits you but does no damage.
An orc and an orc priest come into view.
You hit the goblin.
You feel better.
You kill the goblin!
Trog accepts your kill.
You hit the orc.
You feel better.
The orc is moderately wounded.
The orc priest invokes the aid of Beogh against you.
Something smites you!
* * * LOW HITPOINT WARNING * * *
The orc hits you with a mace.
* * * LOW HITPOINT WARNING * * *
The orc hits you with a mace.
* * * LOW HITPOINT WARNING * * *
The orc priest mumbles some strange prayers to Beogh against you.
Something smites you!
You die...

Action                   |  1- 3 |  4- 6 || total
-------------------------+-------+-------++-------
Melee: Hand axe          |    60 |       ||    60
       Whip              |    90 |    86 ||   176
Invok: Berserk           |     1 |       ||     1
  Eat: Chunk             |     2 |     3 ||     5
       Fruit             |     3 |       ||     3
       Bread ration      |     1 |       ||     1

Vault maps used:
D:1:      saegor_arrival_simple_c, okawaru_ov_weapons_minmay
D:2:      ashenzari_conservatory_becter, serial_glass, glass_columns_a,
          glass_columns_b, glass_columns_a, uniq_terence
D:3:      lemuel_crystal_altar, minmay_misc_feat_tower, minmay_misc_feat_chi,
          minivault_26
D:4:      zin_scriptorium, first_bread, serial_shops, shop, lemuel_statue_altar

Notes
Turn   | Place    | Note
--------------------------------------------------------------
     0 | D:1      | zercules, the Merfolk Berserker, began the quest for the Orb.
     0 | D:1      | Reached XP level 1. HP: 18/18 MP: 1/1
    98 | D:1      | Found an iron altar of Okawaru.
   107 | D:1      | Reached skill level 3 in Dodging
   216 | D:1      | Reached XP level 2. HP: 16/24 MP: 2/2
   571 | D:1      | HP: 6/24 [poisoned by an adder]
   579 | D:1      | HP: 5/24 [poisoned by an adder]
   680 | D:1      | HP: 4/24 [hobgoblin (3)]
  1227 | D:2      | Reached XP level 3. HP: 27/29 MP: 3/3
  1741 | D:2      | Acquired Trog's second power
  1770 | D:2      | HP: 7/29 [kobold/whip (6)]
  1793 | D:2      | Noticed Terence
  2046 | D:2      | Killed Terence
  2046 | D:2      | Reached skill level 1 in Maces & Flails
  2051 | D:2      | Reached XP level 4. HP: 19/35 MP: 4/4
  2197 | D:2      | Found a shattered altar of Ashenzari.
  2774 | D:3      | Found a radiant altar of Vehumet.
  3214 | D:4      | HP: 8/35 [orc/mace (1)]
  3215 | D:4      | Killed from afar by an orc priest

Vanquished Creatures
  A hound (D:4)
  Terence (D:2)
  2 adders
  An orc (D:3)
  2 ball pythons
  8 goblins
  4 hobgoblins
  3 jackals (D:2)
  7 bats
  2 giant cockroaches
  4 giant newts
  4 kobolds
  5 rats
44 creatures vanquished.
